Flyers vs Panthers

Created - 28 janvier 2021 at 11:43

Goals
1 2 3 OT1 SO T
Flyers 1 1 0 0 2 3
Panthers 1 1 0 0 1 2
Shots
1 2 3 OT1 SO T
Flyers 17 11 11 3 4 42
Panthers 17 16 10 1 4 44

1st period

1. Panthers , Josh Norris 4 (Garnet Hathaway 3, Josh Archibald 4) at 14:22
2. Flyers , Kevin Fiala 4 (Calle Jarnkrok 8, Noah Hanifin 4) at 17:03

Penalties :
No Penalty

2nd period

3. Flyers , Kevin Labanc 7 (Kevin Fiala 6, Travis Konecny 11) at 1:37
4. Panthers , Mats Zuccarello 7 (Vincent Trocheck 8) at 13:04

Penalties :
Garnet Hathaway (FLA) for Holding (Minor) at 2:24, Greg Pateryn (FLA) for Tripping (Minor) at 9:01

3rd period

No Goal

Penalties :
No Penalty

Overtime #1

No Goal

Penalties :
No Penalty

Shootout

Flyers, Leon Draisaitl - Goal!
Panthers, Taylor Hall - Goal!
Flyers, Patrick Kane - Stopped by Antti Raanta
Panthers, Vincent Trocheck - Shot Hit the Post
Flyers, J.T. Miller - Stopped by Antti Raanta
Panthers, Mats Zuccarello - Stopped by Tristan Jarry
Flyers, Rasmus Ristolainen - Goal!
Panthers, Marcus Foligno - Shot Misses the Net

Penalties :
No Penalty

Goalie Stats

Tristan Jarry (PHI), 42 saves from 44 shots - (0,955), W, 12-10-1, 65:00 minutes
Antti Raanta (FLA), 40 saves from 42 shots - (0,952), OTL, 2-2-1, 65:00 minutes

Players Stats for Flyers

Player Name              G  A  P  +/- PIM S  H  SB GA TA FO     MP     PP MP  PK MP  
------------------------------------------------------------------------------------
Aaron Ekblad             0  0  0  -1  0   2  4  2  0  2  0/0    22:27   1:52   0:00 
Calle Jarnkrok           0  1  1   2  0   0  0  1  2  1  3/5    15:13   0:00   0:00 
Filip Forsberg           0  0  0  -1  0   4  3  0  0  1  0/2    16:50   1:50   0:00 
J.T. Miller              0  0  0  -1  0   4  2  1  2  0  12/13  18:38   2:08   0:00 
Jakub Vrana              0  0  0  -1  0   1  1  0  0  2  0/1    18:00   1:50   0:00 
Joey Anderson            0  0  0   0  0   0  1  1  0  0  0/0     9:29   0:00   0:00 
John Marino              0  0  0  -1  0   1  2  2  0  0  0/0    20:21   2:06   0:00 
Kevin Fiala              1  1  2   2  0   6  0  0  1  1  1/2    14:41   0:00   0:00 
Kevin Labanc             1  0  1   2  0   3  3  0  1  0  0/0    16:21   0:00   0:00 
Leo Komarov              0  0  0   0  0   3  1  0  1  0  0/0     9:57   0:00   0:00 
Leon Draisaitl           0  0  0  -1  0   2  0  1  0  0  14/30  19:26   2:08   0:00 
Mike Matheson            0  0  0   0  0   2  0  2  0  1  0/0    17:58   2:06   0:00 
Nikita Zadorov           0  0  0   0  0   0  1  3  0  0  0/0    16:23   0:00   0:00 
Noah Hanifin             0  1  1   1  0   2  0  2  0  3  0/0    21:20   0:00   0:00 
Patrick Kane             0  0  0  -1  0   9  0  1  1  1  2/3    21:40   2:08   0:00 
Rasmus Ristolainen       0  0  0   1  0   0  2  2  0  1  0/0    25:38   1:52   0:00 
Scott Laughton           0  0  0   0  0   1  0  0  0  0  1/4     9:56   0:00   0:00 
Travis Konecny           0  1  1  -1  0   2  2  0  0  1  0/2    20:35   1:50   0:00 

Players Stats for Panthers

Player Name              G  A  P  +/- PIM S  H  SB GA TA FO     MP     PP MP  PK MP  
------------------------------------------------------------------------------------
Garnet Hathaway          0  1  1   1  2   3  1  0  0  2  0/0    13:20   0:00   0:00 
Greg Pateryn             0  0  0   0  2   2  0  3  0  1  0/0    18:40   0:00   0:49 
Jacob de La Rose         0  0  0  -2  0   1  2  0  1  1  1/4    10:25   0:00   1:05 
Jamie Oleksiak           0  0  0   2  0   0  0  2  0  0  0/0    15:47   0:00   0:00 
Jonas Siegenthaler       0  0  0   0  0   2  1  0  0  1  0/0    22:34   0:00   1:54 
Josh Archibald           0  1  1   1  0   5  1  0  2  0  0/0    12:08   0:00   0:00 
Josh Norris              1  0  1   1  0   5  0  1  2  0  2/5    13:12   0:00   0:58 
Marcus Foligno           0  0  0   1  0   0  2  1  0  0  0/0    19:38   0:00   0:00 
Mats Zuccarello          1  0  1   1  0   4  1  0  1  1  0/2    21:11   0:00   0:58 
Matt Moulson             0  0  0  -2  0   1  0  0  0  0  1/1     8:47   0:00   0:00 
Nathan Beaulieu          0  0  0   0  0   0  0  0  0  0  0/0     1:04   0:00   0:00 
Nikita Gusev             0  0  0   0  0   5  0  0  0  0  0/0    18:00   0:00   0:07 
Patrik Nemeth            0  0  0  -2  0   0  1  1  0  1  0/0    23:41   0:00   2:04 
Rocco Grimaldi           0  0  0  -2  0   4  0  0  0  0  0/0     8:09   0:00   0:00 
Taylor Hall              0  0  0   0  0   5  0  1  3  0  1/2    19:50   0:00   1:55 
Travis Zajac             0  0  0   0  0   1  1  0  1  0  16/31  20:00   0:00   1:55 
Trevor Daley             0  0  0   2  0   0  0  1  0  1  0/0    16:40   0:00   0:53 
Tyson Barrie             0  0  0  -2  0   3  0  1  0  0  0/0    26:20   0:00   2:16 
Vincent Trocheck         0  1  1   1  0   3  0  1  4  0  8/17   21:14   0:00   0:58 

3 Stars

1 - Tristan Jarry (PHI)
2 - Antti Raanta (FLA)
3 - Kevin Fiala (PHI)

Power Play

Flyers - 0 on 2 Attempt(s) - 0,00%
Panthers - 0 on 0 Attempt(s) - 0,00%

Penalty Kill

Flyers - 0 on 0 Attempt(s) - 0,00% - Score 0 goal in Penalty Kill
Panthers - 2 on 2 Attempt(s) - 100,00% - Score 0 goal in Penalty Kill

Team Stat

Flyers - Hits : 22 - Faceoff Wins : 33 - Blocked Shots : 18 - Penalty Minutes : 0
Panthers - Hits : 10 - Faceoff Wins : 29 - Blocked Shots : 12 - Penalty Minutes : 4

Official

Referees : Pierre Lambert and Dean Morton
Linesman : Travis Gawryletz and Jesse Marquis

Game Notes

No Game Note

Finance

Level 1 -- Attendance: 4562 (76,03%) -- Ticket Income 456 200 $
Level 2 -- Attendance: 4355 (87,10%) -- Ticket Income 261 300 $
Level 3 -- Attendance: 1806 (90,30%) -- Ticket Income 63 210 $
Level 4 -- Attendance: 3813 (95,33%) -- Ticket Income 76 260 $
Luxury Box -- Attendance: 724 (72,40%) -- Ticket Income 144 800 $
Game was played at the Sunrise Arena.
Total Attendance: 15260 (84,78%)
Total Ticket Income: 1 001 770 $
Other Income: 490 867 $
Total Income: 1 492 637 $

Flyers

5 vs 5 Forward 
   Center                   Left Wing                Right Wing               Time % Phy DF OF 
 1 Leon Draisaitl           Travis Konecny           Patrick Kane             34     0   2  3  
 2 J.T. Miller              Jakub Vrana              Filip Forsberg           29     0   2  3  
 3 Calle Jarnkrok           Kevin Labanc             Kevin Fiala              25     0   3  2  
 4 Scott Laughton           Leo Komarov              Joey Anderson            12     0   4  1  

5 vs 5 Defense 
   Defense                  Defense                                           Time % Phy DF OF 
 1 Rasmus Ristolainen       Noah Hanifin                                      37     0   4  1  
 2 Aaron Ekblad             John Marino                                       34     0   4  1  
 3 Mike Matheson            Nikita Zadorov                                    29     1   3  1  
 4 Rasmus Ristolainen       Aaron Ekblad                                      0      1   2  2  

PowerPlay Forward 
   Center                   Left Wing                Right Wing               Time % Phy DF OF 
 1 Leon Draisaitl           J.T. Miller              Patrick Kane             60     0   0  5  
 2 Travis Konecny           Jakub Vrana              Filip Forsberg           40     0   0  5  

PowerPlay Defense
   Defense                  Defense                                           Time % Phy DF OF 
 1 Rasmus Ristolainen       Aaron Ekblad                                      60     0   1  4  
 2 Mike Matheson            John Marino                                       40     0   1  4  

Penalty Kill 4 Players Forward 
   Center                   Wing                     Time % Phy DF OF 
 1 Scott Laughton           Leo Komarov              60     0   5  0  
 2 Calle Jarnkrok           Joey Anderson            40     0   5  0  

Penalty Kill 4 Players Defense
   Defense                  Defense                  Time % Phy DF OF 
 1 Rasmus Ristolainen       Noah Hanifin             60     0   5  0  
 2 Aaron Ekblad             Nikita Zadorov           40     0   5  0  

Penalty Kill - 3 Players Forward 
   Forward                                           Time % Phy DF OF 
 1 Scott Laughton                                    60     0   5  0  
 2 Leo Komarov                                       40     0   5  0  

Penalty Kill - 3 Players Defense
   Defense                  Defense                  Time % Phy DF OF 
 1 Rasmus Ristolainen       Noah Hanifin             60     0   5  0  
 2 Aaron Ekblad             Nikita Zadorov           40     0   5  0  

4 vs 4 Forward 
   Center                   Wing                     Time % Phy DF OF 
 1 Leon Draisaitl           Patrick Kane             55     0   2  3  
 2 J.T. Miller              Travis Konecny           45     0   2  3  

4 vs 4 Defense
   Defense                  Defense                  Time % Phy DF OF 
 1 Rasmus Ristolainen       Noah Hanifin             55     1   3  1  
 2 Aaron Ekblad             John Marino              45     1   3  1  

Last Minutes Offensive
   Center                   Left Wing                Right Wing               Defense                  Defense                  
   Leon Draisaitl           J.T. Miller              Patrick Kane             Rasmus Ristolainen       Aaron Ekblad             

Last Minutes Defensive
   Center                   Left Wing                Right Wing               Defense                  Defense                  
   Leon Draisaitl           J.T. Miller              Calle Jarnkrok           Rasmus Ristolainen       Aaron Ekblad             

Goaltenders
Starting : Tristan Jarry            
Backup : Ilya Samsonov            

Extra Forwards
Normal : Calle Jarnkrok, Kevin Labanc, Kevin Fiala - PP : Kevin Fiala, Kevin Labanc - PK : Leon Draisaitl
Extra Defensemen
Normal : Nikita Zadorov, Aaron Ekblad, Mike Matheson - PP : Nikita Zadorov - PK : John Marino, Mike Matheson
Penalty Shots
Leon Draisaitl, Patrick Kane, J.T. Miller, Rasmus Ristolainen, Jakub Vrana
Custom OT Lines Forwards
Kevin Labanc, Patrick Kane, J.T. Miller, Jakub Vrana, Travis Konecny, Calle Jarnkrok, Kevin Fiala, Leo Komarov, Scott Laughton, Joey Anderson
Custom OT Lines Defensemen
Rasmus Ristolainen, Aaron Ekblad, Nikita Zadorov, John Marino, Mike Matheson

Scratches
Gabriel Vilardi (Healthy), Martin Necas (Healthy), Martin Frk (Healthy)

Panthers

5 vs 5 Forward 
   Center                   Left Wing                Right Wing               Time % Phy DF OF 
 1 Travis Zajac             Taylor Hall              Nikita Gusev             39     1   2  2  
 2 Vincent Trocheck         Marcus Foligno           Mats Zuccarello          31     1   2  2  
 3 Josh Norris              Josh Archibald           Garnet Hathaway          21     1   2  2  
 4 Jacob de La Rose         Rocco Grimaldi           Matt Moulson             9      1   2  2  

5 vs 5 Defense 
   Defense                  Defense                                           Time % Phy DF OF 
 1 Patrik Nemeth            Tyson Barrie                                      36     1   2  2  
 2 Jonas Siegenthaler       Greg Pateryn                                      33     1   2  2  
 3 Jamie Oleksiak           Trevor Daley                                      23     1   2  2  
 4 Jonas Siegenthaler       Tyson Barrie                                      8      1   2  2  

PowerPlay Forward 
   Center                   Left Wing                Right Wing               Time % Phy DF OF 
 1 Travis Zajac             Taylor Hall              Nikita Gusev             60     1   2  2  
 2 Vincent Trocheck         Marcus Foligno           Mats Zuccarello          40     1   2  2  

PowerPlay Defense
   Defense                  Defense                                           Time % Phy DF OF 
 1 Patrik Nemeth            Tyson Barrie                                      60     1   2  2  
 2 Jonas Siegenthaler       Greg Pateryn                                      40     1   2  2  

Penalty Kill 4 Players Forward 
   Center                   Wing                     Time % Phy DF OF 
 1 Travis Zajac             Taylor Hall              60     1   2  2  
 2 Vincent Trocheck         Mats Zuccarello          40     1   2  2  

Penalty Kill 4 Players Defense
   Defense                  Defense                  Time % Phy DF OF 
 1 Patrik Nemeth            Tyson Barrie             60     1   2  2  
 2 Jonas Siegenthaler       Greg Pateryn             40     1   2  2  

Penalty Kill - 3 Players Forward 
   Forward                                           Time % Phy DF OF 
 1 Travis Zajac                                      60     1   2  2  
 2 Vincent Trocheck                                  40     1   2  2  

Penalty Kill - 3 Players Defense
   Defense                  Defense                  Time % Phy DF OF 
 1 Patrik Nemeth            Tyson Barrie             60     1   2  2  
 2 Jonas Siegenthaler       Greg Pateryn             40     1   2  2  

4 vs 4 Forward 
   Center                   Wing                     Time % Phy DF OF 
 1 Travis Zajac             Taylor Hall              60     1   2  2  
 2 Vincent Trocheck         Mats Zuccarello          40     1   2  2  

4 vs 4 Defense
   Defense                  Defense                  Time % Phy DF OF 
 1 Patrik Nemeth            Tyson Barrie             60     1   2  2  
 2 Jonas Siegenthaler       Greg Pateryn             40     1   2  2  

Last Minutes Offensive
   Center                   Left Wing                Right Wing               Defense                  Defense                  
   Travis Zajac             Taylor Hall              Vincent Trocheck         Patrik Nemeth            Tyson Barrie             

Last Minutes Defensive
   Center                   Left Wing                Right Wing               Defense                  Defense                  
   Travis Zajac             Marcus Foligno           Matt Moulson             Patrik Nemeth            Tyson Barrie             

Goaltenders
Starting : Antti Raanta             
Backup : Pekka Rinne              

Extra Forwards
Normal : Nikita Gusev, Matt Moulson, Josh Norris - PP : Josh Archibald, Matt Moulson - PK : Josh Norris
Extra Defensemen
Normal : Jamie Oleksiak, Trevor Daley, Jonas Siegenthaler - PP : Jamie Oleksiak - PK : Trevor Daley, Jonas Siegenthaler
Penalty Shots
Taylor Hall, Vincent Trocheck, Mats Zuccarello, Marcus Foligno, Nikita Gusev
Custom OT Lines Forwards
Taylor Hall, Travis Zajac, Mats Zuccarello, Vincent Trocheck, Marcus Foligno, Nikita Gusev, Matt Moulson, Josh Norris, Garnet Hathaway, Rocco Grimaldi
Custom OT Lines Defensemen
Patrik Nemeth, Tyson Barrie, Jonas Siegenthaler, Greg Pateryn, Jamie Oleksiak

Scratches
Aaron Dell (Healthy), Marcus Hogberg (Healthy)

% Time on Ice - Flyers

Lines # - Real PCT - Wanted PCT - Time Play
Normal Forward
1 - 31% - 34% - 17:34
2 - 27% - 29% - 14:58
3 - 26% - 25% - 14:22
4 - 16% - 12% - 9:08
Normal Defense
1 - 38% - 37% - 21:30
2 - 33% - 34% - 18:41
3 - 28% - 29% - 15:42
4 - 0% - 0% - 0:09
PP Forward
1 - 54% - 60% - 2:08
2 - 46% - 40% - 1:50
PP Defense
1 - 47% - 60% - 1:52
2 - 53% - 40% - 2:06
PK Forward
1 - 0% - 60%
2 - 0% - 40%
PK Defense
1 - 0% - 60%
2 - 0% - 40%
PK3 Forward
1 - 0% - 60%
2 - 0% - 40%
PK3 Defense
1 - 0% - 60%
2 - 0% - 40%
44 Forward
1 - 0% - 55%
2 - 0% - 45%
44 Defense
1 - 0% - 55%
2 - 0% - 45%
Last Minute Offensive  - 0:00
Last Minute Defensive  - 0:00
Total
Forward - 60:00
Defense - 60:00

% Time on Ice - Panthers

Lines # - Real PCT - Wanted PCT - Time Play
Normal Forward
1 - 32% - 39% - 17:52
2 - 35% - 31% - 19:29
3 - 20% - 21% - 11:22
4 - 13% - 9% - 7:19
Normal Defense
1 - 35% - 36% - 19:49
2 - 32% - 33% - 17:42
3 - 28% - 23% - 15:47
4 - 5% - 8% - 2:44
PP Forward
1 - 0% - 60%
2 - 0% - 40%
PP Defense
1 - 0% - 60%
2 - 0% - 40%
PK Forward
1 - 76% - 60% - 3:00
2 - 24% - 40% - 0:58
PK Defense
1 - 52% - 60% - 2:04
2 - 48% - 40% - 1:54
PK3 Forward
1 - 0% - 60%
2 - 0% - 40%
PK3 Defense
1 - 0% - 60%
2 - 0% - 40%
44 Forward
1 - 0% - 60%
2 - 0% - 40%
44 Defense
1 - 0% - 60%
2 - 0% - 40%
Last Minute Offensive  - 0:00
Last Minute Defensive  - 0:00
Total
Forward - 60:00
Defense - 60:00

Play-by-Play

1st period


0:01 of 1st period - Leon Draisaitl wins face-off versus Travis Zajac in neutral zone.
0:26 of 1st period - Noah Hanifin is hit by Marcus Foligno and loses puck.
1:00 of 1st period - Wrist shot by Kevin Fiala.
1:00 of 1st period - Stopped by Antti Raanta without a rebound.
1:01 of 1st period - Scott Laughton wins face-off versus Jacob de La Rose in Panthers zone.
1:28 of 1st period - Jamie Oleksiak is hit by Aaron Ekblad and loses puck.
1:59 of 1st period - Wrist shot by Calle Jarnkrok.
1:59 of 1st period - Shot Misses the Net.
2:15 of 1st period - Backhand shot by Filip Forsberg.
2:15 of 1st period - Shot Misses the Net.
2:17 of 1st period - Slapshot by Rasmus Ristolainen.
2:17 of 1st period - Shot Misses the Net.
2:19 of 1st period - Backhand shot by Noah Hanifin.
2:19 of 1st period - Deflect By Mats Zuccarello.
2:19 of 1st period - Stopped by Antti Raanta with a rebound.
2:21 of 1st period - Slapshot by Rasmus Ristolainen.
2:21 of 1st period - Shot Blocked by Vincent Trocheck.
2:44 of 1st period - Snap shot by Nikita Gusev.
2:44 of 1st period - Shot Misses the Net.
3:36 of 1st period - Wrist shot by Vincent Trocheck.
3:36 of 1st period - Stopped by Tristan Jarry with a rebound.
4:02 of 1st period - Snap shot by Taylor Hall.
4:02 of 1st period - Shot Blocked by Mike Matheson.
4:04 of 1st period - Slapshot by Greg Pateryn.
4:04 of 1st period - Shot Misses the Net.
5:20 of 1st period - Patrik Nemeth is hit by Rasmus Ristolainen and loses puck.
5:25 of 1st period - Snap shot by Patrick Kane.
5:25 of 1st period - Stopped by Antti Raanta with a rebound.
5:27 of 1st period - Snap shot by Aaron Ekblad.
5:27 of 1st period - Stopped by Antti Raanta with a rebound.
5:29 of 1st period - Backhand shot by Aaron Ekblad.
5:29 of 1st period - Shot Blocked by Patrik Nemeth.
5:49 of 1st period - Wrist shot by Rocco Grimaldi.
5:49 of 1st period - Stopped by Tristan Jarry with a rebound.
5:52 of 1st period - Icing by Nikita Zadorov.
5:53 of 1st period - Vincent Trocheck wins face-off versus Scott Laughton in Flyers zone.
6:18 of 1st period - Wrist shot by Leo Komarov.
6:18 of 1st period - Shot Misses the Net.
6:20 of 1st period - Snap shot by Joey Anderson.
6:20 of 1st period - Shot Blocked by Marcus Foligno.
6:44 of 1st period - Wrist shot by Vincent Trocheck.
6:44 of 1st period - Shot Misses the Net.
6:58 of 1st period - Snap shot by Leo Komarov.
6:58 of 1st period - Shot Misses the Net.
7:06 of 1st period - Slapshot by Scott Laughton.
7:06 of 1st period - Deflect By Leo Komarov.
7:06 of 1st period - Stopped by Antti Raanta with a rebound.
7:08 of 1st period - Slapshot by Mike Matheson.
7:08 of 1st period - Shot Misses the Net.
7:10 of 1st period - Snap shot by Joey Anderson.
7:10 of 1st period - Shot Misses the Net.
7:38 of 1st period - Snap shot by Leo Komarov.
7:38 of 1st period - Shot Blocked by Trevor Daley.
7:40 of 1st period - Slapshot by Leo Komarov.
7:40 of 1st period - Stopped by Antti Raanta with a rebound.
7:42 of 1st period - Snap shot by Leo Komarov.
7:42 of 1st period - Deflect By Scott Laughton.
7:42 of 1st period - Shot Misses the Net.
7:42 of 1st period - Puck is out of play.
7:43 of 1st period - Travis Zajac wins face-off versus Leon Draisaitl in Panthers zone.
7:54 of 1st period - Slapshot by Taylor Hall.
7:54 of 1st period - Stopped by Tristan Jarry without a rebound.
7:55 of 1st period - J.T. Miller wins face-off versus Travis Zajac in Flyers zone.
8:06 of 1st period - Snap shot by Filip Forsberg.
8:06 of 1st period - Stopped by Antti Raanta with a rebound.
8:08 of 1st period - Slapshot by John Marino.
8:08 of 1st period - Shot Misses the Net.
8:10 of 1st period - Slapshot by John Marino.
8:10 of 1st period - Deflect By Taylor Hall.
8:10 of 1st period - Stopped by Antti Raanta without a rebound.
8:11 of 1st period - Leon Draisaitl wins face-off versus Josh Norris in Panthers zone.
8:22 of 1st period - Snap shot by Leon Draisaitl.
8:22 of 1st period - Stopped by Antti Raanta without a rebound.
8:23 of 1st period - Travis Zajac wins face-off versus Kevin Fiala in Panthers zone.
9:16 of 1st period - Slapshot by J.T. Miller.
9:16 of 1st period - Stopped by Antti Raanta with a rebound.
9:18 of 1st period - Slapshot by Aaron Ekblad.
9:18 of 1st period - Stopped by Antti Raanta with a rebound.
9:48 of 1st period - Snap shot by Vincent Trocheck.
9:48 of 1st period - Deflect By Mats Zuccarello.
9:48 of 1st period - Stopped by Tristan Jarry without a rebound.
9:49 of 1st period - Leon Draisaitl wins face-off versus Vincent Trocheck in Flyers zone.
10:16 of 1st period - Travis Zajac is hit by Filip Forsberg and loses puck.
10:40 of 1st period - Snap shot by Kevin Fiala.
10:40 of 1st period - Stopped by Antti Raanta with a rebound.
11:18 of 1st period - Mike Matheson is hit by Marcus Foligno and loses puck.
11:37 of 1st period - Greg Pateryn is hit by Kevin Labanc and loses puck.
12:04 of 1st period - Snap shot by Mats Zuccarello.
12:04 of 1st period - Shot Misses the Net.
12:18 of 1st period - Vincent Trocheck is hit by Leo Komarov and loses puck.
12:25 of 1st period - Slapshot by Jonas Siegenthaler.
12:25 of 1st period - Shot Misses the Net.
12:35 of 1st period - Wrist shot by Mats Zuccarello.
12:35 of 1st period - Shot Blocked by Noah Hanifin.
12:43 of 1st period - Wrist shot by Mats Zuccarello.
12:43 of 1st period - Shot Blocked by Joey Anderson.
12:45 of 1st period - Snap shot by Jonas Siegenthaler.
12:45 of 1st period - Stopped by Tristan Jarry with a rebound.
12:47 of 1st period - Slapshot by Greg Pateryn.
12:47 of 1st period - Shot Misses the Net.
12:49 of 1st period - Slapshot by Jonas Siegenthaler.
12:49 of 1st period - Stopped by Tristan Jarry with a rebound.
13:09 of 1st period - Snap shot by Scott Laughton.
13:09 of 1st period - Shot Misses the Net.
13:11 of 1st period - Wrist shot by Leo Komarov.
13:11 of 1st period - Stopped by Antti Raanta without a rebound.
13:12 of 1st period - Travis Zajac wins face-off versus Leon Draisaitl in Panthers zone.
13:17 of 1st period - Snap shot by Nikita Gusev.
13:17 of 1st period - Stopped by Tristan Jarry with a rebound.
13:39 of 1st period - Wrist shot by Josh Archibald.
13:39 of 1st period - Deflect By Josh Norris.
13:39 of 1st period - Shot Misses the Net.
13:39 of 1st period - Puck is out of play.
13:40 of 1st period - J.T. Miller wins face-off versus Josh Norris in Flyers zone.
14:04 of 1st period - Snap shot by Josh Norris.
14:04 of 1st period - Shot Misses the Net.
14:06 of 1st period - Snap shot by Josh Archibald.
14:06 of 1st period - Stopped by Tristan Jarry with a rebound.
14:08 of 1st period - Wrist shot by Garnet Hathaway.
14:08 of 1st period - Stopped by Tristan Jarry with a rebound.
14:12 of 1st period - Slapshot by Garnet Hathaway.
14:12 of 1st period - Shot Blocked by Nikita Zadorov.
14:14 of 1st period - Snap shot by Josh Archibald.
14:14 of 1st period - Stopped by Tristan Jarry with a rebound.
14:16 of 1st period - Slapshot by Josh Archibald.
14:16 of 1st period - Stopped by Tristan Jarry with a rebound.
14:18 of 1st period - Snap shot by Josh Archibald.
14:18 of 1st period - Stopped by Tristan Jarry with a rebound.
14:20 of 1st period - Wrist shot by Garnet Hathaway.
14:20 of 1st period - Stopped by Tristan Jarry with a rebound.
14:22 of 1st period - Snap shot by Josh Norris.
14:22 of 1st period - Goal by Josh Norris - Flyers : 0 - Panthers : 1.
14:23 of 1st period - Taylor Hall wins face-off versus Leon Draisaitl in neutral zone.
14:26 of 1st period - Slapshot by Taylor Hall.
14:26 of 1st period - Stopped by Tristan Jarry with a rebound.
14:28 of 1st period - Wrist shot by Travis Zajac.
14:28 of 1st period - Shot Blocked by Leon Draisaitl.
14:30 of 1st period - Wrist shot by Travis Zajac.
14:30 of 1st period - Shot Misses the Net.
14:41 of 1st period - Off-side.
14:42 of 1st period - Calle Jarnkrok wins face-off versus Jacob de La Rose in neutral zone.
15:20 of 1st period - Slapshot by Leon Draisaitl.
15:20 of 1st period - Stopped by Antti Raanta with a rebound.
16:01 of 1st period - Wrist shot by Josh Norris.
16:01 of 1st period - Stopped by Tristan Jarry with a rebound.
16:03 of 1st period - Snap shot by Garnet Hathaway.
16:03 of 1st period - Stopped by Tristan Jarry without a rebound.
16:04 of 1st period - Travis Zajac wins face-off versus Scott Laughton in Flyers zone.
17:03 of 1st period - Snap shot by Calle Jarnkrok.
17:03 of 1st period - Deflect By Kevin Fiala.
17:03 of 1st period - Goal by Kevin Fiala - Flyers : 1 - Panthers : 1.
17:04 of 1st period - Travis Zajac wins face-off versus Leon Draisaitl in neutral zone.
17:36 of 1st period - Snap shot by J.T. Miller.
17:36 of 1st period - Stopped by Antti Raanta with a rebound.
18:09 of 1st period - Icing by Marcus Foligno.
18:10 of 1st period - Vincent Trocheck wins face-off versus Leon Draisaitl in Panthers zone.
18:42 of 1st period - Wrist shot by J.T. Miller.
18:42 of 1st period - Shot Misses the Net.
18:44 of 1st period - Slapshot by Rasmus Ristolainen.
18:44 of 1st period - Shot Misses the Net.
18:46 of 1st period - Snap shot by Rasmus Ristolainen.
18:46 of 1st period - Deflect By Filip Forsberg.
18:46 of 1st period - Stopped by Antti Raanta with a rebound.
Goals for this period are 1 for Flyers vs 1 for Panthers.
Shots for this period are 17 for Flyers vs 17 for Panthers.

2nd period


0:01 of 2nd period - Leon Draisaitl wins face-off versus Travis Zajac in neutral zone.
0:26 of 2nd period - Taylor Hall is hit by Kevin Labanc and loses puck.
0:53 of 2nd period - Garnet Hathaway is hit by J.T. Miller.
1:11 of 2nd period - Snap shot by Vincent Trocheck.
1:11 of 2nd period - Stopped by Tristan Jarry with a rebound.
1:13 of 2nd period - Slapshot by Greg Pateryn.
1:13 of 2nd period - Shot Misses the Net.
1:37 of 2nd period - Snap shot by Kevin Labanc.
1:37 of 2nd period - Goal by Kevin Labanc - Flyers : 2 - Panthers : 1.
1:38 of 2nd period - Leon Draisaitl wins face-off versus Travis Zajac in neutral zone.
1:45 of 2nd period - Off-side.
1:46 of 2nd period - Travis Zajac wins face-off versus Leon Draisaitl in neutral zone.
2:24 of 2nd period - Minor Penalty to Garnet Hathaway for Holding.
2:25 of 2nd period - Leon Draisaitl wins face-off versus Travis Zajac in Panthers zone.
2:51 of 2nd period - Tyson Barrie is hit by Filip Forsberg and loses puck.
4:22 of 2nd period - Filip Forsberg is hit by Jacob de La Rose and loses puck.
4:24 of 2nd period - Penalty to Garnet Hathaway is over, Garnet Hathaway is back on ice.
5:15 of 2nd period - Wrist shot by Nikita Gusev.
5:15 of 2nd period - Shot Misses the Net.
5:17 of 2nd period - Snap shot by Jonas Siegenthaler.
5:17 of 2nd period - Shot Misses the Net.
5:19 of 2nd period - Wrist shot by Nikita Gusev.
5:19 of 2nd period - Shot Misses the Net.
5:21 of 2nd period - Slapshot by Jonas Siegenthaler.
5:21 of 2nd period - Shot Blocked by Rasmus Ristolainen.
5:23 of 2nd period - Wrist shot by Nikita Gusev.
5:23 of 2nd period - Shot Misses the Net.
5:25 of 2nd period - Slapshot by Jacob de La Rose.
5:25 of 2nd period - Shot Blocked by Rasmus Ristolainen.
5:27 of 2nd period - Wrist shot by Nikita Gusev.
5:27 of 2nd period - Shot Misses the Net.
5:29 of 2nd period - Wrist shot by Garnet Hathaway.
5:29 of 2nd period - Shot Blocked by Calle Jarnkrok.
5:31 of 2nd period - Snap shot by Greg Pateryn.
5:31 of 2nd period - Shot Misses the Net.
5:33 of 2nd period - Snap shot by Greg Pateryn.
5:33 of 2nd period - Deflect By Nikita Gusev.
5:33 of 2nd period - Stopped by Tristan Jarry without a rebound.
5:34 of 2nd period - Leon Draisaitl wins face-off versus Vincent Trocheck in Flyers zone.
5:41 of 2nd period - Snap shot by Patrick Kane.
5:41 of 2nd period - Stopped by Antti Raanta without a rebound.
5:42 of 2nd period - Vincent Trocheck wins face-off versus Leon Draisaitl in Panthers zone.
6:15 of 2nd period - Wrist shot by Taylor Hall.
6:15 of 2nd period - Shot Misses the Net.
6:17 of 2nd period - Snap shot by Taylor Hall.
6:17 of 2nd period - Stopped by Tristan Jarry without a rebound.
6:18 of 2nd period - Vincent Trocheck wins face-off versus Jakub Vrana in Flyers zone.
6:19 of 2nd period - Slapshot by Mats Zuccarello.
6:19 of 2nd period - Deflect By Vincent Trocheck.
6:19 of 2nd period - Shot Blocked by Mike Matheson.
6:19 of 2nd period - Puck is out of play.
6:20 of 2nd period - J.T. Miller wins face-off versus Vincent Trocheck in Flyers zone.
6:35 of 2nd period - Snap shot by J.T. Miller.
6:35 of 2nd period - Stopped by Antti Raanta with a rebound.
7:36 of 2nd period - Wrist shot by Rocco Grimaldi.
7:36 of 2nd period - Stopped by Tristan Jarry with a rebound.
7:38 of 2nd period - Wrist shot by Rocco Grimaldi.
7:38 of 2nd period - Shot Misses the Net.
7:50 of 2nd period - Snap shot by Filip Forsberg.
7:50 of 2nd period - Stopped by Antti Raanta with a rebound.
7:56 of 2nd period - Wrist shot by Mats Zuccarello.
7:56 of 2nd period - Shot Blocked by Noah Hanifin.
7:58 of 2nd period - Snap shot by Vincent Trocheck.
7:58 of 2nd period - Shot Misses the Net.
8:41 of 2nd period - Icing by Jonas Siegenthaler.
8:42 of 2nd period - Leon Draisaitl wins face-off versus Josh Norris in Panthers zone.
8:59 of 2nd period - Wrist shot by Travis Konecny.
8:59 of 2nd period - Shot Blocked by Josh Norris.
9:01 of 2nd period - Minor Penalty to Greg Pateryn for Tripping.
9:02 of 2nd period - Travis Zajac wins face-off versus Leon Draisaitl in Panthers zone.
9:29 of 2nd period - Patrik Nemeth is hit by Jakub Vrana.
11:01 of 2nd period - Penalty to Greg Pateryn is over, Greg Pateryn is back on ice.
11:10 of 2nd period - Slapshot by Tyson Barrie.
11:10 of 2nd period - Stopped by Tristan Jarry without a rebound.
11:11 of 2nd period - Kevin Fiala wins face-off versus Mats Zuccarello in Flyers zone.
11:28 of 2nd period - Jamie Oleksiak is hit by Rasmus Ristolainen and loses puck.
11:54 of 2nd period - Tyson Barrie is hit by John Marino and loses puck.
12:27 of 2nd period - Snap shot by Filip Forsberg.
12:27 of 2nd period - Stopped by Antti Raanta without a rebound.
12:28 of 2nd period - J.T. Miller wins face-off versus Travis Zajac in Panthers zone.
12:50 of 2nd period - Snap shot by Taylor Hall.
12:50 of 2nd period - Stopped by Tristan Jarry with a rebound.
12:52 of 2nd period - Snap shot by Travis Zajac.
12:52 of 2nd period - Stopped by Tristan Jarry without a rebound.
12:53 of 2nd period - Vincent Trocheck wins face-off versus Leon Draisaitl in Flyers zone.
13:02 of 2nd period - Wrist shot by Vincent Trocheck.
13:02 of 2nd period - Shot Blocked by John Marino.
13:04 of 2nd period - Wrist shot by Mats Zuccarello.
13:04 of 2nd period - Goal by Mats Zuccarello - Flyers : 2 - Panthers : 2.
13:05 of 2nd period - Travis Zajac wins face-off versus Leon Draisaitl in neutral zone.
13:16 of 2nd period - Slapshot by Nikita Gusev.
13:16 of 2nd period - Stopped by Tristan Jarry with a rebound.
13:48 of 2nd period - Off-side.
13:49 of 2nd period - J.T. Miller wins face-off versus Vincent Trocheck in neutral zone.
13:54 of 2nd period - Snap shot by J.T. Miller.
13:54 of 2nd period - Shot Blocked by Greg Pateryn.
14:14 of 2nd period - Greg Pateryn is hit by Aaron Ekblad and loses puck.
14:47 of 2nd period - Snap shot by Josh Norris.
14:47 of 2nd period - Stopped by Tristan Jarry without a rebound.
14:48 of 2nd period - Vincent Trocheck wins face-off versus Filip Forsberg in Flyers zone.
15:00 of 2nd period - Off-side.
15:01 of 2nd period - Leon Draisaitl wins face-off versus Travis Zajac in neutral zone.
15:14 of 2nd period - Snap shot by Patrick Kane.
15:14 of 2nd period - Shot Hit the Post.
15:16 of 2nd period - Slapshot by Mike Matheson.
15:16 of 2nd period - Stopped by Antti Raanta with a rebound.
15:18 of 2nd period - Wrist shot by Patrick Kane.
15:18 of 2nd period - Shot Misses the Net.
15:53 of 2nd period - Slapshot by Tyson Barrie.
15:53 of 2nd period - Shot Misses the Net.
15:55 of 2nd period - Snap shot by Josh Norris.
15:55 of 2nd period - Stopped by Tristan Jarry without a rebound.
15:56 of 2nd period - Leon Draisaitl wins face-off versus Travis Zajac in Flyers zone.
15:56 of 2nd period - Leon Draisaitl is hit by Travis Zajac.
16:23 of 2nd period - Vincent Trocheck is hit by Aaron Ekblad and loses puck.
16:47 of 2nd period - Snap shot by Scott Laughton.
16:47 of 2nd period - Stopped by Antti Raanta with a rebound.
16:49 of 2nd period - Slapshot by Noah Hanifin.
16:49 of 2nd period - Stopped by Antti Raanta with a rebound.
17:13 of 2nd period - Jonas Siegenthaler is hit by Filip Forsberg and loses puck.
17:30 of 2nd period - Travis Konecny is hit by Jonas Siegenthaler and loses puck.
17:41 of 2nd period - Snap shot by Nikita Gusev.
17:41 of 2nd period - Stopped by Tristan Jarry without a rebound.
17:42 of 2nd period - J.T. Miller wins face-off versus Vincent Trocheck in Flyers zone.
17:53 of 2nd period - Snap shot by J.T. Miller.
17:53 of 2nd period - Stopped by Antti Raanta without a rebound.
17:54 of 2nd period - Travis Zajac wins face-off versus Leon Draisaitl in Panthers zone.
17:54 of 2nd period - Travis Zajac is hit by Travis Konecny.
18:00 of 2nd period - Slapshot by Tyson Barrie.
18:00 of 2nd period - Stopped by Tristan Jarry without a rebound.
18:01 of 2nd period - Leon Draisaitl wins face-off versus Travis Zajac in Flyers zone.
18:06 of 2nd period - Wrist shot by Patrick Kane.
18:06 of 2nd period - Stopped by Antti Raanta without a rebound.
18:07 of 2nd period - J.T. Miller wins face-off versus Travis Zajac in Panthers zone.
18:08 of 2nd period - Wrist shot by Jakub Vrana.
18:08 of 2nd period - Shot Misses the Net.
18:21 of 2nd period - Wrist shot by Taylor Hall.
18:21 of 2nd period - Shot Blocked by John Marino.
18:23 of 2nd period - Snap shot by Nikita Gusev.
18:23 of 2nd period - Stopped by Tristan Jarry without a rebound.
18:24 of 2nd period - Leon Draisaitl wins face-off versus Vincent Trocheck in Flyers zone.
18:41 of 2nd period - Snap shot by Patrick Kane.
18:41 of 2nd period - Stopped by Antti Raanta without a rebound.
18:42 of 2nd period - J.T. Miller wins face-off versus Travis Zajac in Panthers zone.
19:14 of 2nd period - Snap shot by Mats Zuccarello.
19:14 of 2nd period - Stopped by Tristan Jarry with a rebound.
19:16 of 2nd period - Wrist shot by Mats Zuccarello.
19:16 of 2nd period - Stopped by Tristan Jarry with a rebound.
19:47 of 2nd period - Snap shot by Scott Laughton.
19:47 of 2nd period - Deflect By Leo Komarov.
19:47 of 2nd period - Shot Misses the Net.
19:47 of 2nd period - Puck is out of play.
19:48 of 2nd period - Matt Moulson wins face-off versus Scott Laughton in Panthers zone.
19:53 of 2nd period - Mike Matheson is hit by Jacob de La Rose and loses puck.
Goals for this period are 1 for Flyers vs 1 for Panthers.
Shots for this period are 11 for Flyers vs 16 for Panthers.

3rd period


0:01 of 3rd period - Travis Zajac wins face-off versus Travis Konecny in neutral zone.
0:26 of 3rd period - Vincent Trocheck is hit by J.T. Miller and loses puck.
0:45 of 3rd period - Wrist shot by Rocco Grimaldi.
0:45 of 3rd period - Stopped by Tristan Jarry without a rebound.
0:46 of 3rd period - Leon Draisaitl wins face-off versus Jacob de La Rose in Flyers zone.
0:55 of 3rd period - Wrist shot by Matt Moulson.
0:55 of 3rd period - Stopped by Tristan Jarry with a rebound.
0:57 of 3rd period - Slapshot by Rocco Grimaldi.
0:57 of 3rd period - Shot Blocked by Nikita Zadorov.
1:45 of 3rd period - Snap shot by Josh Archibald.
1:45 of 3rd period - Stopped by Tristan Jarry with a rebound.
2:16 of 3rd period - Slapshot by Rasmus Ristolainen.
2:16 of 3rd period - Deflect By Patrick Kane.
2:16 of 3rd period - Stopped by Antti Raanta without a rebound.
2:17 of 3rd period - Jacob de La Rose wins face-off versus Leon Draisaitl in Panthers zone.
2:38 of 3rd period - Wrist shot by Matt Moulson.
2:38 of 3rd period - Deflect By Jacob de La Rose.
2:38 of 3rd period - Stopped by Tristan Jarry with a rebound.
2:40 of 3rd period - Wrist shot by Patrik Nemeth.
2:40 of 3rd period - Shot Blocked by Patrick Kane.
2:50 of 3rd period - Snap shot by Rocco Grimaldi.
2:50 of 3rd period - Stopped by Tristan Jarry without a rebound.
2:51 of 3rd period - Travis Zajac wins face-off versus Filip Forsberg in Flyers zone.
3:16 of 3rd period - Wrist shot by Josh Norris.
3:16 of 3rd period - Shot Blocked by Nikita Zadorov.
3:30 of 3rd period - Snap shot by J.T. Miller.
3:30 of 3rd period - Shot Blocked by Jamie Oleksiak.
3:32 of 3rd period - Slapshot by Mike Matheson.
3:32 of 3rd period - Stopped by Antti Raanta without a rebound.
3:33 of 3rd period - Calle Jarnkrok wins face-off versus Taylor Hall in Panthers zone.
3:38 of 3rd period - Wrist shot by Kevin Fiala.
3:38 of 3rd period - Stopped by Antti Raanta without a rebound.
3:39 of 3rd period - Travis Zajac wins face-off versus Calle Jarnkrok in Panthers zone.
4:09 of 3rd period - Slapshot by Patrick Kane.
4:09 of 3rd period - Stopped by Antti Raanta with a rebound.
4:11 of 3rd period - Wrist shot by Travis Konecny.
4:11 of 3rd period - Shot Misses the Net.
4:13 of 3rd period - Snap shot by Patrick Kane.
4:13 of 3rd period - Stopped by Antti Raanta with a rebound.
4:15 of 3rd period - Slapshot by Rasmus Ristolainen.
4:15 of 3rd period - Shot Blocked by Tyson Barrie.
4:55 of 3rd period - Slapshot by Jakub Vrana.
4:55 of 3rd period - Stopped by Antti Raanta with a rebound.
5:17 of 3rd period - Snap shot by Kevin Labanc.
5:17 of 3rd period - Stopped by Antti Raanta with a rebound.
5:19 of 3rd period - Slapshot by John Marino.
5:19 of 3rd period - Shot Blocked by Greg Pateryn.
5:37 of 3rd period - Snap shot by Leon Draisaitl.
5:37 of 3rd period - Deflect By Travis Konecny.
5:37 of 3rd period - Shot Blocked by Greg Pateryn.
5:37 of 3rd period - Puck is out of play.
5:38 of 3rd period - J.T. Miller wins face-off versus Vincent Trocheck in Panthers zone.
6:05 of 3rd period - Nikita Gusev is hit by Travis Konecny.
6:27 of 3rd period - Rasmus Ristolainen is hit by Patrik Nemeth and loses puck.
6:56 of 3rd period - Icing by Kevin Labanc.
6:57 of 3rd period - Travis Zajac wins face-off versus Calle Jarnkrok in Flyers zone.
7:14 of 3rd period - Backhand shot by Kevin Fiala.
7:14 of 3rd period - Stopped by Antti Raanta without a rebound.
7:15 of 3rd period - Vincent Trocheck wins face-off versus Leon Draisaitl in Panthers zone.
7:30 of 3rd period - Snap shot by Travis Konecny.
7:30 of 3rd period - Stopped by Antti Raanta with a rebound.
7:32 of 3rd period - Snap shot by Travis Konecny.
7:32 of 3rd period - Stopped by Antti Raanta without a rebound.
7:33 of 3rd period - J.T. Miller wins face-off versus Travis Zajac in Panthers zone.
7:55 of 3rd period - Icing by Taylor Hall.
7:56 of 3rd period - Travis Zajac wins face-off versus Leon Draisaitl in Panthers zone.
8:22 of 3rd period - Off-side.
8:23 of 3rd period - J.T. Miller wins face-off versus Travis Zajac in neutral zone.
8:36 of 3rd period - Slapshot by Taylor Hall.
8:36 of 3rd period - Shot Blocked by Aaron Ekblad.
8:38 of 3rd period - Slapshot by Travis Zajac.
8:38 of 3rd period - Deflect By Nikita Gusev.
8:38 of 3rd period - Shot Misses the Net.
8:38 of 3rd period - Puck is out of play.
8:39 of 3rd period - Vincent Trocheck wins face-off versus Leon Draisaitl in Flyers zone.
9:11 of 3rd period - Snap shot by Josh Norris.
9:11 of 3rd period - Stopped by Tristan Jarry without a rebound.
9:12 of 3rd period - Josh Norris wins face-off versus J.T. Miller in Flyers zone.
9:13 of 3rd period - Snap shot by Josh Archibald.
9:13 of 3rd period - Shot Blocked by J.T. Miller.
9:29 of 3rd period - Filip Forsberg is hit by Josh Archibald and loses puck.
9:36 of 3rd period - J.T. Miller is hit by Garnet Hathaway and loses puck.
9:55 of 3rd period - Snap shot by Josh Archibald.
9:55 of 3rd period - Shot Misses the Net.
9:57 of 3rd period - Snap shot by Greg Pateryn.
9:57 of 3rd period - Stopped by Tristan Jarry with a rebound.
9:59 of 3rd period - Slapshot by Greg Pateryn.
9:59 of 3rd period - Stopped by Tristan Jarry without a rebound.
10:00 of 3rd period - Leon Draisaitl wins face-off versus Travis Zajac in Flyers zone.
11:12 of 3rd period - Travis Zajac is hit by Aaron Ekblad and loses puck.
11:59 of 3rd period - Slapshot by Scott Laughton.
11:59 of 3rd period - Shot Hit the Post.
12:12 of 3rd period - Icing by Mats Zuccarello.
12:13 of 3rd period - Calle Jarnkrok wins face-off versus Mats Zuccarello in Panthers zone.
12:14 of 3rd period - Wrist shot by Kevin Fiala.
12:14 of 3rd period - Stopped by Antti Raanta with a rebound.
13:18 of 3rd period - Slapshot by Kevin Labanc.
13:18 of 3rd period - Shot Blocked by Jamie Oleksiak.
13:38 of 3rd period - Snap shot by Vincent Trocheck.
13:38 of 3rd period - Shot Misses the Net.
14:04 of 3rd period - Snap shot by Kevin Labanc.
14:04 of 3rd period - Shot Misses the Net.
14:32 of 3rd period - Marcus Foligno is hit by Kevin Labanc and loses puck.
14:54 of 3rd period - Slapshot by Kevin Labanc.
14:54 of 3rd period - Shot Misses the Net.
15:53 of 3rd period - Slapshot by Vincent Trocheck.
15:53 of 3rd period - Stopped by Tristan Jarry without a rebound.
15:54 of 3rd period - Josh Norris wins face-off versus Leon Draisaitl in Flyers zone.
16:19 of 3rd period - Greg Pateryn is hit by John Marino and loses puck.
16:47 of 3rd period - Nikita Gusev is hit by Nikita Zadorov and loses puck.
17:06 of 3rd period - Slapshot by Tyson Barrie.
17:06 of 3rd period - Stopped by Tristan Jarry with a rebound.
17:16 of 3rd period - Rocco Grimaldi is hit by Joey Anderson and loses puck.
Goals for this period are 0 for Flyers vs 0 for Panthers.
Shots for this period are 11 for Flyers vs 10 for Panthers.

Overtime #1


0:01 of 1st overtime period - Patrick Kane wins face-off versus Travis Zajac in neutral zone.
1:20 of 1st overtime period - Wrist shot by Marcus Foligno.
1:20 of 1st overtime period - Deflect By Kevin Labanc.
1:20 of 1st overtime period - Shot Misses the Net.
1:20 of 1st overtime period - Puck is out of play.
1:21 of 1st overtime period - Travis Zajac wins face-off versus Travis Konecny in Flyers zone.
1:26 of 1st overtime period - Wrist shot by Taylor Hall.
1:26 of 1st overtime period - Stopped by Tristan Jarry with a rebound.
1:34 of 1st overtime period - Wrist shot by Kevin Labanc.
1:34 of 1st overtime period - Stopped by Antti Raanta with a rebound.
1:36 of 1st overtime period - Snap shot by Travis Konecny.
1:36 of 1st overtime period - Shot Blocked by Taylor Hall.
1:48 of 1st overtime period - J.T. Miller is hit by Mats Zuccarello.
1:49 of 1st overtime period - Icing by J.T. Miller.
1:50 of 1st overtime period - J.T. Miller wins face-off versus Vincent Trocheck in Flyers zone.
2:02 of 1st overtime period - Icing by Mats Zuccarello.
2:03 of 1st overtime period - Patrick Kane wins face-off versus Vincent Trocheck in Panthers zone.
2:04 of 1st overtime period - Snap shot by Kevin Labanc.
2:04 of 1st overtime period - Deflect By Patrick Kane.
2:04 of 1st overtime period - Stopped by Antti Raanta with a rebound.
2:06 of 1st overtime period - Slapshot by Patrick Kane.
2:06 of 1st overtime period - Stopped by Antti Raanta without a rebound.
2:07 of 1st overtime period - Travis Zajac wins face-off versus Patrick Kane in Panthers zone.
4:58 of 1st overtime period - Slapshot by Nikita Gusev.
4:58 of 1st overtime period - Shot Blocked by Aaron Ekblad.
Goals for this period are 0 for Flyers vs 0 for Panthers.
Shots for this period are 3 for Flyers vs 1 for Panthers.

ShootOut


5:00 of 1st overtime period - Round #1.
5:00 of 1st overtime period - Flyers, Leon Draisaitl.
5:00 of 1st overtime period - Wrist shot by Leon Draisaitl.
5:00 of 1st overtime period - Goal by Leon Draisaitl.
5:00 of 1st overtime period - Panthers, Taylor Hall.
5:00 of 1st overtime period - Deke by Taylor Hall.
5:00 of 1st overtime period - Goal by Taylor Hall.
5:00 of 1st overtime period - Round #2.
5:00 of 1st overtime period - Flyers, Patrick Kane.
5:00 of 1st overtime period - Wrist shot by Patrick Kane.
5:00 of 1st overtime period - Stopped by Antti Raanta.
5:00 of 1st overtime period - Panthers, Vincent Trocheck.
5:00 of 1st overtime period - Wrist shot by Vincent Trocheck.
5:00 of 1st overtime period - Shot Hit the Post.
5:00 of 1st overtime period - Round #3.
5:00 of 1st overtime period - Flyers, J.T. Miller.
5:00 of 1st overtime period - Wrist shot by J.T. Miller.
5:00 of 1st overtime period - Stopped by Antti Raanta.
5:00 of 1st overtime period - Panthers, Mats Zuccarello.
5:00 of 1st overtime period - Snap shot by Mats Zuccarello.
5:00 of 1st overtime period - Stopped by Tristan Jarry.
5:00 of 1st overtime period - Round #4.
5:00 of 1st overtime period - Flyers, Rasmus Ristolainen.
5:00 of 1st overtime period - Deke by Rasmus Ristolainen.
5:00 of 1st overtime period - Goal by Rasmus Ristolainen.
5:00 of 1st overtime period - Panthers, Marcus Foligno.
5:00 of 1st overtime period - Wrist shot by Marcus Foligno.
5:00 of 1st overtime period - Shot Misses the Net. Output by the SimonT Hockey Simulator (STHS) for Eric Tremblay - Original Page W3C HTML5 Valid
Hockey Simulator - Hockey Simulation - Hockey Manager